AoeStats
← [Massa] Edo

Arena

505353449Analyzed
2v2 RM · 23d ago on Sep 9, 2026· 40m 24s· 4 players
Game mode
Random Map
Map size
Medium (4 player)
Population
200
Speed
Normal
Resources
Standard
Victory
Conquest
Starting age
Dark Age
Ending age
Imperial Age
RankedLock teamsTeams togetherTeam positionsShared explorationLock speedFull tech treeHidden civsTurbo modeCheats
Victory
Defeat
🇺🇸 Italians · United States
1399
+18
🇨🇱 Inca · Chile
1393
+18
🇧🇷 Malay · Brazil
1454
-19
🇧🇷 Berbers · Brazil
1419
-17
Exalted_Problem
10:30 Feudal Age
14:24 Castle Age
12:39 Loom
15:38 Fletching
16:24 Double-Bit Axe
17:19 Bodkin Arrow
31:02 Bow Saw
30:34 Horse Collar
34:41 Imperial Age
33:39 Wheelbarrow
33:36 Padded Archer Armor
33:56 Heavy Plow
35:04 Hand Cart
35:33 Bracer
35:34 Town Watch
36:22 Thumb Ring
37:22 Squires
39:46 Scale Mail Armor
39:57 Forging
40:25 Crop Rotation
ASOT
11:01 Feudal Age
15:06 Castle Age
14:30 Loom
16:30 Double-Bit Axe
19:59 Redemption
20:16 Scale Mail Armor
22:29 Fletching
24:20 Bow Saw
29:10 Horse Collar
32:44 Imperial Age
38:12 Forging
38:18 Chain Mail Armor
38:46 Wheelbarrow
40:47 Bodkin Arrow
40:52 Padded Archer Armor
[Massa] Edo
11:10 Feudal Age
14:51 Castle Age
12:48 Double-Bit Axe
12:50 Horse Collar
16:20 Bow Saw
17:40 Loom
31:02 Wheelbarrow
35:31 Imperial Age
33:47 Heavy Plow
35:31 Ballistics
36:16 Forging
36:29 Guilds
35:48 Onager
tg
11:22 Feudal Age
12:37 Double-Bit Axe
14:53 Castle Age
13:03 Horse Collar
16:14 Bow Saw
18:10 Wheelbarrow
19:54 Loom
21:19 Fletching
23:56 Hand Cart
24:43 Guard Tower
26:19 Guard Tower
30:43 Imperial Age
29:23 Bodkin Arrow
30:50 Ballistics
32:32 Chemistry
31:46 Bracer
31:57 Heavy Plow
35:15 Scale Barding Armor
35:31 Masonry
37:48 Crossbowman
40:27 Padded Archer Armor
Connection lost

Rejoining the realm…

Still unreachable

The connection could not be restored.

Session expired

The server has moved on; the page needs a fresh start.